 Dungeon Crawl Stone Soup version 0.29.1-12-g30fa7ad0bf (webtiles) character file.

Game seed: 16219783129385681026

91 Unglued128 the Gusty (level 4, -6/33 HPs)
             Began as a Draconian Air Elementalist on Dec 26, 2022.
             Killed from afar by Natasha (7 damage)
             ... with a magic dart
             ... on level 3 of the Dungeon.
             The game lasted 00:17:44 (3301 turns).

Unglued128 the Gusty (Draconian Air Elementalist)   Turns: 3301, Time: 00:17:45

Health: -6/33      AC:  5    Str: 10    XL:     4   Next: 34%
Magic:  3/7        EV: 12    Int: 17    God:
Gold:   30         SH:  0    Dex: 12    Spells: 7/8 levels left

rFire   . . .      SeeInvis .   c - +1 dagger (drain)
rCold   . . .      Faith    .   (no shield)
rNeg    + . .      Spirit   .   (body armour unavailable)
rPois   .          Reflect  .   (helmet restricted)
rElec   .          Harm     .   (no cloak)
rCorr   .          Rampage  .   (no gloves)
Will    .....                   (no boots)
Stlth   ++........              b - amulet of the acrobat
HPRegen 0.11/turn               d - ring of positive energy
MPRegen 0.10/turn               (no ring)

@: no status effects
A: AC +5, unfitting armour, cold-blooded
a: no special abilities


You were on level 3 of the Dungeon.
You visited 1 branch of the dungeon, and saw 3 of its levels.

You collected 153 gold pieces.
You spent 123 gold pieces at shops.

Inventory:

Hand Weapons
 c - a +1 dagger of draining (weapon)
Jewellery
 b - an amulet of the acrobat (around neck)
 d - a ring of positive energy (left hand)
Scrolls
 f - a scroll of blinking {unknown}
 g - 2 scrolls of identify
 h - a scroll of teleportation {unknown}
 i - a scroll of fog {unknown}
 j - a scroll of fear {unknown}
 k - 3 scrolls of brand weapon {unknown}
 m - a scroll of enchant weapon
Potions
 a - a potion of magic
 e - a potion of lignification {unknown}
 l - a potion of brilliance


   Skills:
 + Level 2.0 Dodging
 + Level 2.0 Stealth
 + Level 2.5 Spellcasting
 + Level 2.0 Conjurations
 + Level 4.1 Air Magic


You had 7 spell levels left.
You knew the following spells:

 Your Spells              Type           Power      Damage    Failure   Level
a - Shock                 Conj/Air       48%        1d6       5%          1

Your spell library contained the following spells:

 Spells                   Type           Power      Damage    Failure   Level
 Static Discharge         Conj/Air       12%        3-5/arc   8%          2
 Swiftness                Air            16%        N/A       10%         3
 Airstrike                Air            8%         2d(2-18)  32%         4
 Malign Gateway           Summ/Tloc      1%         N/A       100%        7
 Summon Horrible Things   Summ           1%         N/A       100%        8


Dungeon Overview and Level Annotations

Branches:
Dungeon (3/15)

Altars:

Shops:
D:3 ?

Annotations:
D:2 Sigmund, Terence
D:3 Natasha


Innate Abilities, Weirdness & Mutations

Your plain brown scales are hard. (AC +5)
You cannot fit into any form of body armour.
You are cold-blooded and may be slowed by cold attacks.


Message History

You hit the shadow imp but do no damage.
The shadow imp is almost dead.
Natasha howls an incantation.
You feel disoriented.
Natasha growls.
You hit the crimson imp but do no damage.
You hit the crimson imp.
The crimson imp is lightly wounded.
The crimson imp hits you.
Your magical contamination has completely faded away.
You closely miss the crimson imp.
The crimson imp is lightly wounded.
The crimson imp barely misses you.
You hit the crimson imp but do no damage.
The crimson imp blinks!
You closely miss the shadow imp.
The shadow imp is almost dead.
The shadow imp hits you but does no damage.
You barely miss the shadow imp.
The shadow imp is almost dead.
The shadow imp barely misses you.
You closely miss the shadow imp. Your punch misses the shadow imp.
The shadow imp is almost dead.
The crimson imp blinks!
The shadow imp hits you.
You hit the shadow imp.
You kill the shadow imp!
The shadow imp disappears in a puff of smoke!
The crimson imp blinks!
Natasha stares at you and mumbles some strange words.
The magic dart hits you!
* * * LOW HITPOINT WARNING * * *
You completely miss Natasha. You tail-slap Natasha.
Natasha is heavily wounded.
Natasha seems less brilliant.
Natasha claws you.
* * * LOW HITPOINT WARNING * * *
You hit Natasha.
Your tail-slap misses Natasha.
Natasha is heavily wounded.
Natasha casts a spell at you. The magic dart hits you!
You die...

............#
.....
####........#
##...5
#........#
#....
####........#
#...
............#
#..
###########.#
#.# #.# #.#
#.# #h#
#.####@#
#.)....#
#.###### ###


You could see Natasha.

Vanquished Creatures
  Natasha (D:3)
  A gnoll (D:3)
  3 dart slugs
  3 endoplasms
  2 giant cockroaches (D:3)
  7 goblins
  3 hobgoblins
  6 jackals (D:1)
  2 kobolds (D:1)
  3 quokkas
  4 ball pythons (D:1)
  4 bats
  2 frilled lizards
  7 rats
48 creatures vanquished.

Vanquished Creatures (others)
  A plant (D:1)
1 creature vanquished.

Grand Total: 49 creatures vanquished

Notes
Turn   | Place    | Note
-------+----------+-------------------------------------------
     0 | D:1      | Unglued128 the Draconian Air Elementalist began the quest
                  | for the Orb.
     0 | D:1      | Reached XP level 1. HP: 14/14 MP: 3/3
   403 | D:1      | Reached XP level 2. HP: 17/20 MP: 0/5
  1450 | D:1      | Reached XP level 3. HP: 26/26 MP: 3/6
  1910 | D:2      | Noticed Sigmund
  1961 | D:2      | Noticed Terence
  2398 | D:3      | Found Xikunuh's Magic Scroll Shop.
  2406 | D:3      | Bought a scroll of identify for 26 gold pieces
  2697 | D:3      | Reached skill level 4 in Air Magic
  2761 | D:3      | Noticed Natasha
  2773 | D:3      | Killed Natasha
  2774 | D:3      | Reached XP level 4. HP: 6/33 MP: 5/7
  3119 | D:3      | Bought a scroll of enchant weapon for 97 gold pieces
  3280 | D:3      | Noticed Natasha
  3300 | D:3      | HP: 1/33 [Natasha (6)]
  3301 | D:3      | Killed from afar by Natasha

Illustrated notes

Levels and vault maps discovered:
D:1:      saegor_arrival_under_anarchy, layout_loops_ring,
          minmay_stone_trees_small
D:2:      layout_loops_ring, uniq_jessica, uniq_terence, uniq_sigmund,
          uniq_crazy_yiuf_cottage
D:3:      layout_basic, serial_shops, shop, kennysheep_generic_room_6,
          uniq_natasha

Skill      XL: |  1  2  3  4 |
---------------+-------------+-----
Dodging        | 2 |  2.0
Air Magic      | 4 |  4.1
Stealth        | 2 |  2.0
Conjurations   | 2 |  2.0
Spellcasting   | |  2.5

Action                   |  1- 3 |  4- 6 || total
-------------------------+-------+-------++-------
Melee: Unarmed           |    19 |       ||    19
       Tailslap          |     7 |     2 ||     9
       Punch             |     1 |       ||     1
       Dagger            |    13 |    13 ||    26
 Cast: Shock             |    88 |    15 ||   103
  Use: Scroll            |     1 |       ||     1
Armor: Skin              |    14 |     3 ||    17
Dodge: Dodged            |    35 |     2 ||    37
